Map: Abyssal Reef LE

Players

MaNa - Winner!

  • Race: Protoss Protoss
  • Spawn Location: 5:00

Stilgar

  • Race: Protoss Protoss
  • Spawn Location: 11:00

Event: WCS Valencia 2017

VOD

Have the link to the VOD?

Description

Time

  • Played on: July 13, 2017, 6:27 a.m.
  • Length: 7:35

All games in this series

Show
View Real Time Build Order
Export as new Build Order

MaNa Protoss - Winner!

Build Orders:  

Get SALT Encoding   

  12  0:00  Probe (Chrono Boost)  
  13  0:11  Probe (Chrono Boost)  
  14  0:17  Pylon  
  14  0:22  Probe (Chrono Boost)  
  15  0:35  Probe (Chrono Boost)  
  16  0:38  Gateway  
  16  0:45  Probe (Chrono Boost)  
  16  0:48  Assimilator  
  17  0:56  Probe (Chrono Boost)  
  18  1:01  Assimilator  
  18  1:06  Probe (Chrono Boost)  
  19  1:17  Probe (Chrono Boost)  
  20  1:18  Gateway  
  20  1:27  Cybernetics Core  
  20  1:28  Probe (Chrono Boost)  
  21  1:38  Probe (Chrono Boost)  
  22  1:41  Pylon  
  22  1:49  Probe (Chrono Boost)  
  23  2:04  Warp Gate (Chrono Boost)  
  23  2:05  Stalker (Chrono Boost)  
  27  2:08  Stalker (Chrono Boost)  
  27  2:09  Pylon  
  27  2:12  Probe  
  28  2:24  Probe  
  29  2:34  Stalker (Chrono Boost)  
  29  2:35  Stalker (Chrono Boost)  
  33  3:02  Nexus  
  33  3:06  Mothership Core (Chrono Boost)  
  35  3:19  Robotics Facility  
  35  3:26  Probe (Chrono Boost)  
  34  3:33  Pylon  
  34  3:37  Probe (Chrono Boost)  
  34  3:39  Twilight Council  
  35  3:48  Probe (Chrono Boost)  
  34  3:58  Probe (Chrono Boost)  
  35  4:07  Adept x2  
  35  4:09  Probe (Chrono Boost)  
  40  4:11  Observer  
  41  4:18  Blink  
  41  4:19  Probe x2 (Chrono Boost)  
  43  4:26  Pylon  
  43  4:30  Probe x2 (Chrono Boost)  
  45  4:40  Probe (Chrono Boost)  
  45  4:43  Immortal (Chrono Boost)  
  50  4:47  Probe (Chrono Boost)  
  49  4:56  Sentry x2  
  49  4:57  Probe x2 (Chrono Boost)  
  55  5:08  Probe  
  55  5:09  Probe  
  55  5:11  Gateway  
  55  5:12  Gateway  
  59  5:21  Immortal (Chrono Boost)  
  59  5:26  Probe  
  59  5:27  Probe  
  61  5:30  Assimilator  
  61  5:32  Assimilator  
  61  5:35  Stalker x2  
  63  5:39  Pylon  
  63  5:41  Pylon  
  65  5:43  Probe  
  65  5:44  Probe  
  67  5:54  Probe (Chrono Boost)  
  67  5:57  Probe (Chrono Boost)  
  69  6:03  Nexus  
  69  6:14  Stalker x2  
  69  6:15  Stalker  
  75  6:19  Stalker  
  75  6:23  Observer, Probe x2 (Chrono Boost)  
  79  6:38  Adept x2  
  83  6:40  Pylon  
  83  6:41  Pylon  
  83  6:45  Observer  
  83  6:46  Stalker  
  86  6:59  Probe x2 (Chrono Boost)  
  84  7:09  Pylon, Probe x2 (Chrono Boost)  
  84  7:10  Adept x4  
  95  7:16  Probe (Chrono Boost)  
  95  7:20  Probe x2 (Chrono Boost)  
  95  7:21  Forge  
Show
View Real Time Build Order
Export as new Build Order

Stilgar Protoss 

Build Orders:  

Get SALT Encoding   

  12  0:01  Probe (Chrono Boost)  
  13  0:11  Probe (Chrono Boost)  
  14  0:18  Pylon  
  14  0:22  Probe (Chrono Boost)  
  15  0:36  Probe (Chrono Boost)  
  15  0:39  Gateway  
  16  0:46  Probe (Chrono Boost)  
  16  0:48  Assimilator  
  18  0:57  Probe (Chrono Boost), Pylon  
  18  1:02  Assimilator  
  18  1:14  Probe (Chrono Boost)  
  19  1:28  Probe (Chrono Boost), Cybernetics Core  
  20  1:38  Probe (Chrono Boost)  
  21  1:49  Probe (Chrono Boost)  
  22  1:59  Probe (Chrono Boost)  
  23  2:04  Stalker (Chrono Boost)  
  25  2:09  Warp Gate (Chrono Boost)  
  25  2:10  Mothership Core (Chrono Boost)  
  27  2:19  Pylon  
  27  2:31  Probe  
  27  2:32  Stalker (Chrono Boost)  
  27  2:36  Nexus  
  30  2:44  Probe  
  31  2:47  Gateway  
  31  3:03  Stalker  
  31  3:10  Probe  
  31  3:11  Robotics Facility  
  32  3:25  Probe  
  33  3:28  Gateway  
  33  3:35  Stalker  
  33  3:37  Probe  
  36  3:49  Probe  
  36  3:50  Pylon  
  36  3:53  Gateway  
  37  3:56  Twilight Council  
  37  3:57  Probe  
  37  4:01  Probe  
  37  4:16  Stalker  
  37  4:17  Stalker  
  41  4:20  Observer (Chrono Boost)  
  42  4:27  Probe  
  42  4:28  Probe  
  42  4:40  Immortal (Chrono Boost)  
  41  5:02  Stalker, Assimilator  
  41  5:04  Assimilator  
  43  5:24  Warp Prism (Chrono Boost)  
  45  5:31  Probe  
  45  5:33  Probe  
  47  5:42  Probe  
  47  5:45  Probe  
  47  5:49  Blink (Chrono Boost)  
  49  5:54  Probe  
  50  5:57  Probe  
  50  6:03  Stalker  
  53  6:06  Probe  
  54  6:17  Immortal  
  56  6:34  Probe  
  56  6:36  Probe  
  58  6:45  Nexus  
  58  6:46  Probe  
  59  6:52  Robotics Bay  
  58  7:03  Pylon  
  57  7:13  Probe, Pylon  
  58  7:16  Pylon  
  58  7:19  Stalker  
Tags
 
Add a new tag
Caveats
  • Supply blocks, unpowered buildings, or Contaminate may cause inaccurate times.
  • Supply counts are checked every 10 seconds.